 Dungeon Crawl Stone Soup version 0.22.0-16-gc6d26f6 (webtiles) character file.

1080 Azzok the Geomancer (level 8, 0/62 HPs)
             Began as a Deep Dwarf Earth Elementalist on Aug 17, 2018.
             Was an Initiate of Makhleb.
             Slain by a hornet (3 damage)
             ... on level 7 of the Dungeon.
             The game lasted 00:15:57 (8321 turns).

Azzok the Geomancer (Deep Dwarf Earth Elementalist) Turns: 8321, Time: 00:15:57

Health: 0/62       AC:  5    Str: 12    XL:     8   Next: 8%
Magic:  4/10       EV: 12    Int: 18    God:    Makhleb [......]
Gold:   253        SH:  0    Dex: 13    Spells: 1/10 levels left

rFire    . . .     SeeInvis .   w - +3 spear (flame)
rCold    . . .     Gourm    .   (no shield)
rNeg     . . .     Faith    .   c - +0 robe
rPois    .         Spirit   .   (no helmet)
rElec    .         Reflect  .   (no cloak)
rCorr    .         Harm     .   f - +1 pair of gloves
MR       +....                  o - +0 pair of boots
Stlth    ++........             r - amulet of the acrobat
HPRegen  0.00/turn              (no ring)
MPRegen  0.12/turn              (no ring)

@: non-regenerating, slowed, very slow
A: damage resistance, heal wounds, sense surroundings 1, no regeneration
a: Heal Wounds, Renounce Religion


You were on level 7 of the Dungeon.
You worshipped Makhleb.
Makhleb was noncommittal.
You were not hungry.

You visited 1 branch of the dungeon, and saw 7 of its levels.

You collected 253 gold pieces.

Inventory:

Hand Weapons
 l - a +1 dagger of holy wrath
 w - a +3 spear of flaming (weapon)
Missiles
 b - 90 stones (quivered)
Armour
 c - a +0 robe (worn)
 f - a +1 pair of gloves (worn)
 o - a +0 pair of boots (worn)
 z - a +0 helmet
Jewellery
 r - an amulet of the acrobat (around neck)
Scrolls
 e - 2 scrolls of enchant weapon {unknown}
 h - a scroll of noise {unknown}
 j - 2 scrolls of remove curse
 p - a scroll of immolation
 x - a scroll of teleportation
 y - a scroll of amnesia {unknown}
 A - a scroll of magic mapping
Potions
 a - 5 potions of lignification
 g - a potion of cancellation
 i - 2 potions of mutation {!q}
 m - 2 potions of haste
 n - 3 potions of agility
 q - 4 potions of magic
 s - a potion of invisibility {unknown}
 t - 4 potions of curing
 u - a potion of brilliance {unknown}
 v - 2 potions of resistance {unknown}
 B - a potion of flight {unknown}
Comestibles
 d - 10 rations
 k - 11 chunks of flesh


   Skills:
 - Level 2.1 Dodging
 - Level 2.4 Stealth
 - Level 1.7 Spellcasting
 + Level 5.5 Conjurations
   Level 0.8 Transmutations
 + Level 10.1 Earth Magic


You had one spell level left.
You knew the following spells:

 Your Spells              Type           Power        Failure   Level  Hunger
a - Sandblast             Erth           #####.       1%          1    #......
b - Stone Arrow           Conj/Erth      ####..       2%          3    ###....
c - Lee's Rapid Deconstr  Erth           #####.....   9%          5    ######.

Your spell library contained the following spells:

 Spells                   Type           Power        Failure   Level  Hunger
 Passwall                 Tmut/Erth      ###.....     3%          2    ###....
 Petrify                  Tmut/Erth      ###.....     19%         4    #####..


Dungeon Overview and Level Annotations

Branches:
Dungeon (7/15)
 Temple: D:4-7

Altars:
Fedhas
Gozag
Makhleb
Okawaru
Qazlal
Ru
Sif Muna
Trog
Uskayaw

Shops:
D:4 }

Annotations:
D:3 3 runed doors, Anothat's ghost, amateur VSAs; Azzok's ghost, amateur DDEE; removed's ghost, amateur GnAK
D:6 exclusion: centaur


Innate Abilities, Weirdness & Mutations

You are resistant to damage.
You can heal yourself by infusing magical energy.
You passively map a small area around you.
You do not regenerate.


Message History

Aim: a hornet (moderately wounded)
The blast of sand hits the hornet.
The hornet is severely wounded.
b - 91 stones The hornet stings you!
* * * LOW HITPOINT WARNING * * *
You feel as though you will be slow longer.
The hornet stings you!
* * * LOW HITPOINT WARNING * * *
You feel as though you will be slow longer.
Casting: Sandblast (safe; 1% risk of failure)
Confirm with . or Enter, or press ? or * to list all spells.
Aiming: Sandblast (safe; 1% risk of failure)
Press: ? - help, Shift-Dir - straight line, f/p - hornet
Aim: a hornet (severely wounded)
The blast of sand hits the hornet.
The hornet is severely wounded.
b - 90 stones The hornet stings you.
You die...

▒· ◦···▒ ◦ ░ ▒··◦
··▒▒·▒·▒▒···
▒··▒▒▒·▒▒·▒·▒····
◦
▒···▒·<▒▒·▒·▒··▒
░
◦▒)··)▒▒·▒····▒▒
▒ ◦ ░
▒▒▒··▒▒·▒·····▒·▒
▒·)▒▒·▒·······▒ ░
░▒···▒··········
◦
▒····▒▒▒···@y··▒
▒▒▒▒·
▒··········· ▒·
░▒··········· ▒▒
··▒▒▒▒O▒▒▒▒▒▒ ░
▒···░░ ?·▒░ ◦
▒···◦ ◦···· ◦
▒▒·· ··▒▒▒ ◦ ▒··
·▒▒ ░◦ ░◦


You could see a hornet and an ogre.

Vanquished Creatures
  An ice beast (D:5)
  A centaur (D:5)
  A scorpion (D:5)
  A howler monkey (D:5)
  A bullfrog zombie (D:5)
  3 crimson imps
  2 hounds
  A quasit (D:3)
  A centaur skeleton (D:6)
  An orc priest (D:5)
  An orc wizard (D:7)
  2 iguanas
  5 worker ants
  A mummy (D:6)
  11 adders
  3 gnolls (D:4)
  A shadow imp (D:5)
  2 oozes
  3 adder skeletons
  4 worms
  3 dart slugs
  7 leopard geckos
  21 orcs
  3 ball pythons
  3 giant cockroaches
  5 hobgoblins
  14 jackals
  12 kobolds
  2 quokkas
  10 bats
  14 frilled lizards
  7 goblins
  A hobgoblin zombie (D:6)
  2 kobold zombies (D:6)
  An orc zombie (D:6)
  A quokka zombie (D:5)
  12 rats
  A plant (D:6)
165 creatures vanquished.

Vanquished Creatures (others)
  2 withered plants (D:3)
2 creatures vanquished.

Grand Total: 167 creatures vanquished

Notes
Turn   | Place    | Note
-------+----------+-------------------------------------------
     0 | D:1      | Azzok the Deep Dwarf Earth Elementalist began the quest for the Orb.
     0 | D:1      | Reached XP level 1. HP: 15/15 MP: 3/3
   179 | D:1      | Reached XP level 2. HP: 22/22 MP: 1/4
   237 | D:1      | Reached skill level 5 in Earth Magic
   693 | D:1      | Reached XP level 3. HP: 24/28 MP: 0/5
  1054 | D:2      | Reached skill level 6 in Earth Magic
  1104 | D:2      | Learned a level 3 spell: Stone Arrow
  1310 | D:2      | Reached XP level 4. HP: 23/36 MP: 4/6
  1373 | D:2      | Reached skill level 1 in Conjurations
  1953 | D:2      | Found an iron altar of Okawaru.
  2591 | D:3      | Reached XP level 5. HP: 14/42 MP: 3/7
  2759 | D:3      | Found a faded altar of an unknown god.
  2844 | D:3      | Reached skill level 7 in Earth Magic
  3540 | D:3      | Found a runed gate.
  3540 | D:3      | Found a runed gate.
  3540 | D:3      | Found a runed gate.
  3540 | D:3      | Noticed Azzok's ghost (amateur DDEE)
  3541 | D:3      | Noticed removed's ghost (amateur GnAK)
  3541 | D:3      | Noticed Anothat's ghost (amateur VSAs)
  4081 | D:4      | Found Dedain's Gadget Shop.
  4251 | D:4      | Found a bloodstained altar of Trog.
  4394 | D:4      | Reached XP level 6. HP: 30/49 MP: 0/8
  4856 | D:4      | Got an encrusted leather armour
  4857 | D:4      | Identified the +1 leather armour of Death Resistance {-Cast +Inv rN+ Int+4} (You found it on level 4 of the Dungeon)
  4928 | D:4      | Reached skill level 8 in Earth Magic
  5374 | D:5      | Entered Level 5 of the Dungeon
  5703 | D:5      | Reached XP level 7. HP: 15/55 MP: 1/9
  5776 | D:5      | Found a sacrificial altar of Ru.
  6165 | D:5      | Learned a level 5 spell: Lee's Rapid Deconstruction
  6316 | D:5      | Reached skill level 9 in Earth Magic
  6586 | D:5      | Reached skill level 5 in Conjurations
  6819 | D:5      | Found a deep blue altar of Sif Muna.
  7045 | D:6      | Found an iron altar of Okawaru.
  7604 | D:6      | Reached XP level 8. HP: 34/62 MP: 3/10
  7706 | D:6      | Found a stormy altar of Qazlal.
  7706 | D:6      | Found an opulent altar of Gozag.
  7706 | D:6      | Found a hide-covered altar of Uskayaw.
  7941 | D:6      | Found a burning altar of Makhleb.
  7945 | D:6      | Reached skill level 10 in Earth Magic
  8021 | D:6      | Became a worshipper of Makhleb the Destroyer
  8073 | D:6      | Found a blossoming altar of Fedhas.
  8314 | D:7      | Noticed a hornet
  8320 | D:7      | HP: 3/62 [hornet (12)]
  8321 | D:7      | Slain by a hornet

Skill      XL: |  1  2  3  4  5  6  7  8 |
---------------+-------------------------+-----
Earth Magic    | 5 6 7 8 9 10 | 10.1
Conjurations   | 1 3 4 5 |  5.5
Dodging        | |  2.1
Stealth        | |  2.4
Spellcasting   | |  1.7
Transmutations | |  0.8

Action                   |  1- 3 |  4- 6 |  7- 9 || total
-------------------------+-------+-------+-------++-------
Melee: Short sword       |    11 |       |       ||    11
       Dagger            |       |     5 |       ||     5
       Spear             |       |       |    53 ||    53
 Cast: Sandblast         |    62 |    90 |    28 ||   180
       Stone Arrow       |       |    36 |    45 ||    81
  Use: Scroll            |       |    11 |     2 ||    13
       Potion            |       |     1 |     2 ||     3
  Eat: Chunk             |     2 |    13 |    11 ||    26
       Ration            |       |     2 |     1 ||     3
Armor: Robe              |    10 |    19 |     2 ||    31
Dodge: Dodged            |    34 |    35 |    11 ||    80
